 Dungeon Crawl Stone Soup version 0.19.4-8-ga85b6b9 (webtiles) character file.

6124 Jm2c the Cleaver (level 10, -1/99 HPs)
             Began as a Deep Dwarf Fighter on Feb 11, 2017.
             Was a Believer of Makhleb.
             Killed from afar by Harold (26 damage)
             ... with a bolt of fire
             ... on level 10 of the Dungeon on Feb 12, 2017.
             The game lasted 02:05:37 (9197 turns).

Jm2c the Cleaver (Deep Dwarf Fighter)               Turns: 9197, Time: 02:05:38

Health: -1/99      AC: 16    Str: 20    XL:     10   Next: 59%
Magic:  0/8        EV:  3    Int: 10    God:    Makhleb [**....]
Gold:   448        SH: 10    Dex: 16    Spells: 0 memorised, 9 levels left

rFire  . . .     SeeInvis .     b - +0 hunting sling
rCold  . . .     Gourm    .     g - +0 plate armour
rNeg   + . .     Faith    .     c - +0 shield
rPois  +         Spirit   +     B - +2 hat
rElec  .         Reflect  .     S - +0 cloak
rCorr  .         Harm     .     x - +0 pair of gloves
MR     +....                    (no boots)
Stlth  ..........               F - amulet of Reimbursement {Spirit Dex+2}
                                A - ring of positive energy
                                O - ring of poison resistance

@: non-regenerating
A: damage resistance, recharge devices, sense surroundings 2, slow regeneration
3
a: Device Recharging, Minor Destruction, Renounce Religion


You were on level 10 of the Dungeon.
You worshipped Makhleb.
Makhleb was pleased with you.
You were not hungry.

You visited 2 branches of the dungeon, and saw 11 of its levels.

You collected 448 gold pieces.

Inventory:

Hand Weapons
 a - a +1 war axe
 b - a +0 hunting sling (weapon)
 y - a +3 hand axe
 I - a +2 dagger of speed
 R - a +0 mace of holy wrath
 W - a +1 spear of flaming
Missiles
 k - 264 stones (quivered)
 p - 9 javelins
Armour
 c - a +0 shield (worn)
 g - a +0 plate armour (worn)
 x - a +0 pair of gloves (worn)
 B - a +2 hat (worn)
 S - a +0 cloak (worn)
 U - a +0 chain mail of cold resistance
Jewellery
 j - an uncursed ring of flight
 A - a ring of positive energy (right hand)
 F - the amulet of Reimbursement (around neck) {Spirit Dex+2}
   (You found it on level 4 of the Dungeon)

   [amulet of guardian spirit]

   It causes incoming damage to be split between your health and magic.
   It affects your dexterity (+2).
 O - a ring of poison resistance (left hand)
 Y - an uncursed ring of protection from cold {unknown}
Wands
 e - a wand of heal wounds (1/9)
 s - a wand of flame (22/48)
 w - a wand of flame (8/48)
 D - a wand of flame (24/48)
 X - a wand of enslavement (8/24)
Scrolls
 m - 3 scrolls of remove curse
 n - 2 scrolls of fear
 o - 6 scrolls of blinking
 q - a scroll of enchant armour
 C - a scroll of teleportation
 H - 2 scrolls of magic mapping
 Q - a scroll of fog
Potions
 d - a potion of might
 h - 2 potions of degeneration {unknown}
 l - a potion of agility {unknown}
 t - a potion of resistance {unknown}
 v - 2 potions of cancellation
 z - a potion of haste
 E - 3 potions of lignification
 J - a potion of invisibility {unknown}
 K - 2 potions of heal wounds {unknown}
 L - a potion of flight {unknown}
Books
 i - a book of Debilitation

   Spells                             Type                      Level
   a - Corona                         Hexes                        1
   b - Slow                           Hexes                        2
   c - Gell's Gravitas                Hexes/Translocation          3
   d - Inner Flame                    Hexes/Fire                   3
   e - Cause Fear                     Hexes                        4
   f - Leda's Liquefaction            Hexes/Earth                  4
 u - a book of Necromancy

   Spells                             Type                      Level
   a - Pain                           Necromancy                   1
   b - Animate Skeleton               Necromancy                   1
   c - Vampiric Draining              Necromancy                   3
   d - Regeneration                   Charms/Necromancy            3
   e - Animate Dead                   Necromancy                   4
   f - Control Undead                 Necromancy                   4
 M - a book of Geomancy

   Spells                             Type                      Level
   a - Sandblast                      Earth                        1
   b - Passwall                       Transmutation/Earth          2
   c - Stone Arrow                    Conjuration/Earth            3
   d - Petrify                        Transmutation/Earth          4
   e - Lee's Rapid Deconstruction     Earth                        5
Comestibles
 f - 13 bread rations
 r - 5 fruits
 G - 3 royal jellies
 V - a meat ration


   Skills:
 * Level 9.6 Fighting
 * Level 10.9 Axes
 * Level 7.6 Slings
 - Level 4.2 Armour
 - Level 4.1 Shields


You had 9 spell levels left.
You didn't know any spells.

Dungeon Overview and Level Annotations

Branches:
Dungeon (10/15)            Temple (1/1) D:6
   Lair: D:8-11         Orc: D:9-12

Altars:
Ashenzari
Cheibriados
Dithmenos
Elyvilon
Fedhas
Gozag
Hepliaklqana
Kikubaaqudgha
Makhleb
Nemelex Xobeh
Okawaru
Qazlal
Ru
Sif Muna
Trog
Uskayaw
Vehumet
Xom
Yredelemnul
Zin
The Shining One

Annotations:
D:5 Prince Ribbit
D:10 Harold, Maurice


Innate Abilities, Weirdness & Mutations

You are resistant to damage.
You can recharge devices by infusing magical energy.
You passively map the area around you.
You do not regenerate.


Message History

Harold throws a throwing net.
The throwing net hits you.
You become entangled in the net!
There is an open door here.
You see here a throwing net.
You cannot shoot with your hunting sling while held in a net.
You tear a large gash into the net.
You struggle against the net.
You rip the net and break free!
Harold thinks, and says "Perhaps I'll take up hiking after I'm done here..."
Harold points at you and mumbles some strange words.
The bolt of fire hits you!
* * * LOW HITPOINT WARNING * * *
Evoke which item? (* to show all) (? for menu, Esc to quit)
Zapping:
e - a wand of heal wounds (2/9)
Press: ? - help, Shift-Dir - straight line, f - you You feel much better.
This wand has 1 charge left.
Harold throws a throwing net.
You block the throwing net.
Harold points at you and mumbles some strange words.
The bolt of fire hits you!
You die...

.... *
###################....,
*
.......................,
,
.......................,
*
.......................
.......................,
.......................
, ###.........###(###...
, ,######....#...@.#, ,
, #....#.....#, * ,
#....#.....# ,,,,* ,
#...##.....# , * * ,,
#...#...@..#* , , ***
#...#....... ,, , , ,
....#........ .....,
####### #........
......,* #.....#, *
###......,*


You could see Harold.

Vanquished Creatures
  Nergalle (D:10)
  An unseen horror (D:10)
  The ghost of cada the Magician, a novice NaTm (D:4)
  A troll (D:9)
  A spriggan (D:7)
  Eustachio (D:4)
  A steam dragon (D:8)
  Menkaure (D:7)
  A water moccasin (D:6)
  3 orc warriors (D:7)
  2 ice beasts
  A black bear (D:4)
  4 ogres
  3 centaurs (D:5)
  A big kobold (D:5)
  Blork the orc (D:6)
  A gnoll sergeant (D:8)
  2 bullfrogs
  A scorpion (D:6)
  6 killer bees (D:10)
  9 wights
  4 howler monkeys
  4 crimson imps
  2 bullfrog zombies
  A centaur zombie (D:5)
  3 jellies
  12 hounds
  Crazy Yiuf (D:6)
  3 orc priests
  2 centaur skeletons
  2 iguanas
  4 worker ants
  8 orc wizards
  8 gnolls
  15 adders
  3 oozes
  2 adder zombies
  An adder skeleton (D:6)
  4 worms
  6 dart slugs
  7 leopard geckos
  37 orcs
  A ball python (D:5)
  7 giant cockroaches
  5 goblins
  4 hobgoblins
  22 jackals
  28 kobolds
  3 quokkas
  A ball python skeleton (D:4)
  3 bats
  5 frilled lizards
  A jackal skeleton (D:5)
  A leopard gecko skeleton (D:6)
  A quokka skeleton (D:4)
  6 rats
  9 plants (D:5)
269 creatures vanquished.

Vanquished Creatures (others)
  A jelly (D:5)
  A howler monkey zombie (D:5)
  2 plants (D:5)
4 creatures vanquished.

Grand Total: 273 creatures vanquished

Notes
Turn   | Place    | Note
-------+----------+-------------------------------------------
     0 | D:1      | Jm2c the Deep Dwarf Fighter began the quest for the Orb.
     0 | D:1      | Reached XP level 1. HP: 20/20 MP: 1/1
   192 | D:1      | Reached XP level 2. HP: 27/27 MP: 2/2
   632 | D:1      | Reached XP level 3. HP: 26/33 MP: 3/3
  1050 | D:2      | Reached skill level 3 in Axes
  1050 | D:2      | Reached XP level 4. HP: 34/42 MP: 4/4
  1058 | D:2      | Found a faded altar of an unknown god.
  1707 | D:3      | Reached XP level 5. HP: 45/49 MP: 5/5
  1876 | D:3      | Found an iron altar of Okawaru.
  2373 | D:4      | Reached skill level 4 in Axes
  2420 | D:4      | Noticed cada's ghost (novice NaTm)
  2445 | D:4      | Killed cada's ghost
  2445 | D:4      | Reached skill level 5 in Axes
  2445 | D:4      | Reached XP level 6. HP: 43/60 MP: 6/6
  2499 | D:4      | Got a brightly glowing jade amulet
  2588 | D:4      | Reached skill level 5 in Fighting
  2588 | D:4      | Reached XP level 7. HP: 65/67 MP: 7/7
  2615 | D:4      | Noticed Eustachio
  2654 | D:4      | Killed Eustachio
  2654 | D:4      | Reached skill level 6 in Axes
  3312 | D:5      | Entered Level 5 of the Dungeon
  3386 | D:5      | Reached skill level 7 in Axes
  3386 | D:5      | Reached XP level 8. HP: 59/76 MP: 8/8
  3509 | D:5      | Noticed Prince Ribbit
  4024 | D:5      | Reached skill level 8 in Axes
  4267 | D:5      | Reached skill level 1 in Slings
  4477 | D:5      | Identified the amulet of Reimbursement {Spirit Dex+2} (You found it on level 4 of the Dungeon)
  4913 | D:6      | Found a bloodstained altar of Trog.
  5198 | D:6      | Found a staircase to the Ecumenical Temple.
  5204 | Temple   | Entered the Ecumenical Temple
  5474 | D:6      | Noticed Blork the orc
  5482 | D:6      | Killed Blork the orc
  5482 | D:6      | Gained mutation: You passively map the area around you. [Deep Dwarf growth]
  5482 | D:6      | Reached XP level 9. HP: 83/86 MP: 9/9
  5577 | D:6      | Found a runed door.
  5581 | D:6      | Noticed Crazy Yiuf
  5585 | D:6      | Killed Crazy Yiuf
  5679 | D:6      | Found a hazy altar of Hepliaklqana.
  5785 | D:7      | Noticed Menkaure
  5790 | D:7      | Reached skill level 9 in Axes
  5800 | D:7      | Killed Menkaure
  5875 | D:7      | Found a blossoming altar of Fedhas.
  5875 | D:7      | Found a stormy altar of Qazlal.
  6209 | D:7      | Reached skill level 5 in Slings
  6312 | D:7      | Found a burning altar of Makhleb.
  6320 | D:7      | Became a worshipper of Makhleb the Destroyer
  7429 | D:8      | Reached skill level 10 in Axes
  7501 | D:8      | Reached * piety under Makhleb
  7683 | D:8      | Reached XP level 10. HP: 34/98 MP: 6/10
  8451 | D:9      | Found an ancient bone altar of Kikubaaqudgha.
  8451 | D:9      | Found an iron altar of Okawaru.
  8642 | D:10     | Entered Level 10 of the Dungeon
  8702 | D:10     | Noticed Maurice
  8930 | D:10     | Noticed Nergalle
  8965 | D:10     | Killed Nergalle
  9046 | D:10     | Reached ** piety under Makhleb
  9144 | D:10     | Killed an unseen horror
  9192 | D:10     | Noticed Harold
  9197 | D:10     | Killed from afar by Harold

Skill      XL: |  1  2  3  4  5  6  7  8  9 10 |
---------------+-------------------------------+-----
Fighting       | 3 4 5 6 7 8 9 |  9.6
Shields        | 4 |  4.1
Axes           | 3 5 7 8 10 | 10.9
Armour         | 4 |  4.2
Slings         | 3 6 7 |  7.6

Action                   |  1- 3 |  4- 6 |  7- 9 | 10-12 || total
-------------------------+-------+-------+-------+-------++-------
Melee: War axe           |   120 |   173 |   605 |   177 ||  1075
       Spear             |       |       |     9 |       ||     9
       Mace              |       |       |       |    14 ||    14
 Fire: Hunting sling     |       |    34 |   142 |    14 ||   190
Throw: Stone             |    12 |    15 |       |       ||    27
       Javelin           |       |     7 |    12 |    21 ||    40
 Abil: Device Recharging |       |       |       |     2 ||     2
Evoke: Wand              |       |     4 |    13 |     8 ||    25
  Use: Scroll            |     5 |     4 |    12 |     2 ||    23
       Potion            |       |       |     7 |     3 ||    10
  Eat: Bread ration      |     1 |       |       |       ||     1
       Chunk             |       |     2 |     8 |       ||    10
       Meat ration       |       |       |     2 |     1 ||     3
       Fruit             |       |       |     1 |       ||     1
Armor: Scale mail        |    48 |    34 |       |       ||    82
       Chain mail        |       |    54 |   209 |       ||   263
       Plate armour      |       |       |    38 |   204 ||   242
Dodge: Dodged            |    32 |    38 |    98 |    29 ||   197
Block: Shield            |    52 |    86 |   274 |   153 ||   565
